 Dungeon Crawl Stone Soup version 0.24.0-29-g8ce449bc06 (webtiles) character file.

Game seed: 9970433502386657159, levelgen mode: deterministic

6 FishyPogo the Caller (level 1, -2/13 HPs)
             Began as a Gnoll Summoner on Nov 15, 2019.
             Slain by a kobold (4 damage)
             ... on level 1 of the Dungeon.
             The game lasted 00:00:56 (157 turns).

FishyPogo the Caller (Gnoll Summoner)                Turns: 157, Time: 00:00:57

Health: -2/13      AC:  2    Str: 10    XL:     1   Next: 90%
Magic:  4/6        EV: 14    Int: 17    God:
Gold:   0          SH:  0    Dex: 15    Spells: 8/9 levels left

rFire    . . .     SeeInvis .   (no weapon)
rCold    . . .     Gourm    .   (no shield)
rNeg     . . .     Faith    .   a - +0 robe
rPois    .         Spirit   .   (no helmet)
rElec    .         Reflect  .   (no cloak)
rCorr    .         Harm     .   (no gloves)
MR       .....                  (no boots)
Stlth    +++.......             (no amulet)
HPRegen  0.04/turn              (no ring)
MPRegen  0.10/turn              (no ring)

@: no status effects
A: distributed training, fangs 1, strong nose
a: no special abilities


You were on level 1 of the Dungeon.
You were not hungry.

You visited 1 branch of the dungeon, and saw 1 of its levels.

Inventory:

Armour
 a - a +0 robe (worn)
Comestibles
 b - 6 chunks of flesh
 c - a ration


   Skills:
 + Level 0.1 Fighting
 + Level 0.1 Short Blades
 + Level 0.1 Long Blades
 + Level 0.1 Axes
 + Level 0.1 Maces & Flails
 + Level 0.1 Polearms
 + Level 0.1 Staves
 + Level 0.1 Slings
 + Level 0.1 Bows
 + Level 0.1 Crossbows
 + Level 0.1 Throwing
 + Level 0.1 Armour
 + Level 4.4 Dodging
 + Level 4.0 Stealth
 + Level 0.1 Shields
 + Level 0.1 Unarmed Combat
 + Level 4.9 Spellcasting
 + Level 0.1 Conjurations
 + Level 0.1 Hexes
 + Level 0.1 Charms
 + Level 7.0 Summonings
 + Level 0.1 Necromancy
 + Level 0.1 Translocations
 + Level 0.1 Transmutations
 + Level 0.1 Fire Magic
 + Level 0.1 Ice Magic
 + Level 0.1 Air Magic
 + Level 0.1 Earth Magic
 + Level 0.1 Poison Magic
 + Level 0.2 Invocations
 + Level 0.1 Evocations


You had 8 spell levels left.
You knew the following spells:

 Your Spells              Type           Power        Failure   Level  Hunger
y - Summon Small Mammal   Summ           ####         1%          1    None

Your spell library contained the following spells:

 Spells                   Type           Power        Failure   Level  Hunger
 Call Imp                 Summ           ####....     1%          2    #......
 Call Canine Familiar     Summ           ####....     2%          3    ###....
 Summon Guardian Golem    Hex/Summ       ###.....     10%         3    ###....
 Summon Ice Beast         Ice/Summ       ###.....     32%         4    ####...
 Summon Lightning Spire   Summ/Air       ###.....     32%         4    ####...


Dungeon Overview and Level Annotations

Branches:
Dungeon (1/15)

Altars:


Innate Abilities, Weirdness & Mutations

Your experience applies equally to all skills.
You have very sharp teeth.
Your uncanny sense of smell can sniff out nearby items.


Message History

The kobold hits you.
You closely miss the kobold.
The kobold is heavily wounded.
The kobold hits you.
* * * LOW HITPOINT WARNING * * *
The kobold hits you.
* * * LOW HITPOINT WARNING * * *
You barely miss the kobold.
The kobold is heavily wounded.
Your quokka bites the kobold but does no damage.
The kobold closely misses you.
You hit the kobold but do no damage.
The kobold is heavily wounded.
Your quokka bites the kobold.
The kobold closely misses you.
Your quokka closely misses the kobold.
You closely miss the kobold.
The kobold is severely wounded.
Something barely misses your quokka.
Your quokka barely misses the kobold.
The kobold hits you.
You die...

#.# ......... #.# #.#
......... #.###.##
#.#..$..#
#.##...###........
#.##..............
#.##...###†#[.....
#.###.## #w#..####
#.###.####.#!.#
#####.......##.#@.###..
#÷............rrK.......
#÷#.#####.####.######...
#'### #... #.# # ...#
#....#.# ...# #....#.. ∆
...# #....#.# .<.#
....... ...# ..


You could see a kobold and 2 friendly quokkas.

Vanquished Creatures
  A bat (D:1)
  2 jackals (D:1)
  A rat (D:1)
4 creatures vanquished.

Vanquished Creatures (collateral kills)
  A hobgoblin (D:1)
  A jackal (D:1)
  A bat (D:1)
3 creatures vanquished.

Grand Total: 7 creatures vanquished

Notes
Turn   | Place    | Note
-------+----------+-------------------------------------------
     0 | D:1      | FishyPogo the Gnoll Summoner began the quest for the Orb.
     0 | D:1      | Reached XP level 1. HP: 13/13 MP: 6/6
   157 | D:1      | Slain by a kobold

Levels and vault maps discovered:
D:1:      minmay_arrival_up_and_down, layout_loops_ring

Action                   || total
-------------------------++-------
Melee: Unarmed           ||    33
       Bite              ||     1
 Cast: Summon Small Mamm ||     8
Armor: Robe              ||     2
Dodge: Dodged            ||    41
